 Dungeon Crawl Stone Soup version 0.20-a0-1040-gfd09691 (webtiles) character file.

3660 pichaelthompson the Covert (level 10, -1/66 HPs)
             Began as an Octopode Assassin on Apr 23, 2017.
             Was a Follower of Dithmenos.
             Slain by a worker ant (5 damage)
             ... on level 8 of the Dungeon.
             The game lasted 00:33:32 (9399 turns).

pichaelthompson the Covert (Octopode Assassin)      Turns: 9399, Time: 00:33:33

Health: -1/66      AC:  1    Str: 15    XL:     10   Next: 12%
Magic:  20/20      EV: 12    Int: 14    God:    Dithmenos [*.....]
Gold:   317        SH: 14    Dex: 16    Spells: 7/10 levels left

rFire    . . .     SeeInvis +   q - +2 dagger (elec)
rCold    . . .     Gourm    .   x - +0 large shield
rNeg     + . .     Faith    .   (helmet restricted)
rPois    .         Spirit   .   (no amulet)
rElec    .         Reflect  .   t - ring of positive energy
rCorr    .         Harm     .   z - +4 ring of strength
MR       .....                  A - ring of see invisible
Stlth    +++++++...             D - ring of magical power
Regen    0.3/turn               (no ring)
MPRegen  0.2/turn               (no ring)
                                (no ring)
                                (no ring)

@: lethally poisoned (-1 -> -3), wreathed by umbra
A: almost no armour, stealthy swim, amphibious, 8 rings, constrict 8, camouflage
1, gelatinous body 1
a: Renounce Religion


You were on level 8 of the Dungeon.
You worshipped Dithmenos.
Dithmenos was aware of your devotion.
You were not hungry.

You visited 2 branches of the dungeon, and saw 9 of its levels.
You also visited: Sewer.

You collected 317 gold pieces.

Inventory:

Hand Weapons
 b - a +0 blowgun
 q - a +2 dagger of electrocution (weapon)
Missiles
 c - 41 poisoned needles
 d - 2 curare-tipped needles
Armour
 x - a +0 large shield (worn)
Jewellery
 t - a ring of positive energy (left tentacle)
 z - a +4 ring of strength (right tentacle)
 A - a ring of see invisible (on tentacle)
 D - a ring of magical power (on tentacle)
Wands
 G - a wand of digging (12/24)
Scrolls
 e - 4 scrolls of remove curse
 g - a scroll of teleportation {unknown}
 j - 3 scrolls of identify
 l - 2 scrolls of blinking {unknown}
 m - 2 scrolls of fear {unknown}
 n - a scroll of recharging {unknown}
 u - a scroll of immolation {unknown}
 v - a scroll of noise {unknown}
 y - 2 scrolls of enchant armour {unknown}
 C - a scroll of amnesia {unknown}
 J - a scroll of vulnerability {unknown}
Potions
 i - a potion of magic
 k - a potion of invisibility
 o - a potion of might
 r - 3 potions of brilliance
 s - 4 potions of curing
 w - 2 potions of lignification
 E - a potion of haste {unknown}
Books
 B - a book of Callings

   Spells                             Type                      Level
   a - Summon Small Mammal            Summoning                    1
   b - Call Imp                       Summoning                    2
   c - Call Canine Familiar           Summoning                    3
   d - Summon Guardian Golem          Hexes/Summoning              3
   e - Summon Lightning Spire         Summoning/Air                4
   f - Summon Ice Beast               Ice/Summoning                4
 F - a book of Conjurations

   Spells                             Type                      Level
   a - Magic Dart                     Conjuration                  1
   b - Searing Ray                    Conjuration                  2
   c - Dazzling Spray                 Conjuration/Hexes            3
   d - Fulminant Prism                Conjuration/Hexes            4
   e - Force Lance                    Conjuration/Translocation    4
   f - Iskenderun's Mystic Blast      Conjuration                  4
Comestibles
 a - 3 meat rations
 f - 6 bread rations
 h - 9 royal jellies
 p - 3 chunks of flesh
 I - 4 fruits


   Skills:
 + Level 5.0 Fighting
 + Level 7.1 Short Blades
 + Level 2.1 Throwing
 + Level 5.5 Dodging
 + Level 12.7 Stealth
 + Level 4.8 Shields
 * Level 0.8 Spellcasting
 * Level 0.6 Hexes
 * Level 1.2 Summonings


You had 7 spell levels left.
You knew the following spells:

 Your Spells              Type           Power        Failure   Level  Hunger
a - Summon Guardian Gole  Hex/Summ       #.......     100%        3    ####...


Dungeon Overview and Level Annotations

Branches:
Dungeon (8/15)             Temple (1/1) D:5
   Lair: D:8-11

Altars:
Ashenzari
Cheibriados
Dithmenos
Elyvilon
Fedhas
Gozag
Hepliaklqana
Kikubaaqudgha
Makhleb
Nemelex Xobeh
Okawaru
Qazlal
Ru
Sif Muna
Trog
Uskayaw
Vehumet
Wu Jian
Xom
Yredelemnul
Zin
The Shining One

Shops:
D:4 (   D:6 }


Innate Abilities, Weirdness & Mutations

You cannot wear most types of armour.
You are very stealthy in the water. (Stealth+)
You are amphibious.
You can wear up to eight rings at the same time.
You can use your tentacles to constrict eight enemies at once.
Your skin changes colour to match your surroundings (Stealth+).
Your rubbery body absorbs attacks. (AC +1, EV +1)


Message History

The sky beast is almost dead.
The sky beast barely misses you.
You miss the sky beast.
The sky beast is almost dead.
You feel sick. The worker ant barely misses you.
You block the sky beast's attack.
You hit the sky beast but do no damage.
The sky beast is almost dead.
You block the worker ant's attack.
You hit the sky beast.
The sky beast is almost dead.
You feel sick. You block the sky beast's attack. The worker ant misses you.
You completely miss the sky beast.
The sky beast is almost dead.
You block the worker ant's attack. You block the sky beast's attack.
You hit the sky beast.
You kill the sky beast!
Dithmenos accepts your kill.
You feel sick. The worker ant bites you.
You die...

#.# #.#.# #.#
#.##......# #.# #.#.#
.#.###.........# #.#
#.#.# .#.##...#......#
#.# #.#.#
.#.##...###.#### #รท#
#.#.##.#..........#
##.###....#.############
#.......>...<....
########..#.######
#......@a......
#.#...........#
#.............#
###...........#
#############


You could see a worker ant.

Vanquished Creatures
  The ghost of Likado the Ruffian, an amateur VSTm (Sewer)
  A human (D:7)
  4 hogs (D:7)
  Purgy (Sewer)
  A sky beast (D:8)
  An orc warrior (D:7)
  2 ice beasts (D:6)
  6 ogres
  A phantom (D:5)
  3 centaurs
  2 bullfrogs
  A wyvern skeleton (D:7)
  3 killer bees (D:7)
  5 howler monkeys
  3 wights (D:7)
  A quasit (D:6)
  2 crimson imps
  2 bullfrog zombies
  2 orc priests
  2 hounds
  3 jellies (D:7)
  2 orc wizards
  8 worker ants
  Robin (D:3)
  8 adders
  4 shadow imps
  An ooze (D:5)
  2 adder zombies (D:5)
  4 worms
  2 dart slugs
  3 leopard geckos
  18 orcs
  6 giant cockroaches
  9 hobgoblins
  7 jackals
  5 quokkas
  2 ball pythons
  A ball python skeleton (D:4)
  3 bats
  5 frilled lizards
  19 goblins
  9 kobolds
  6 rats
  2 rat zombies (D:7)
174 creatures vanquished.

Notes
Turn   | Place    | Note
-------+----------+-------------------------------------------
     0 | D:1      | pichaelthompson the Octopode Assassin began the quest for the Orb.
     0 | D:1      | Reached XP level 1. HP: 14/14 MP: 1/1
   217 | D:1      | You fall through a shaft!
   219 | D:2      | Reached XP level 2. HP: 19/19 MP: 2/2
   262 | D:2      | Reached skill level 6 in Stealth
  1062 | D:2      | Reached XP level 3. HP: 18/24 MP: 3/3
  1722 | D:2      | Reached XP level 4. HP: 29/30 MP: 4/4
  1769 | D:2      | Reached skill level 7 in Stealth
  1797 | D:2      | Found an ornate altar of the Wu Jian Council.
  1834 | D:2      | Found a burning altar of Makhleb.
  2066 | D:3      | Found an opulent altar of Gozag.
  2411 | D:3      | Reached XP level 5. HP: 35/35 MP: 5/5
  2461 | D:3      | Noticed Robin
  2694 | D:3      | Killed Robin
  2694 | D:3      | Reached skill level 8 in Stealth
  3071 | D:4      | Noticed an ogre
  3079 | D:4      | Reached XP level 6. HP: 41/41 MP: 6/6
  3773 | D:4      | Found Jarrogimp's Antique Weapon Shoppe.
  3781 | D:4      | Reached XP level 7. HP: 21/45 MP: 7/7
  4388 | D:5      | Entered Level 5 of the Dungeon
  4661 | D:5      | Reached skill level 9 in Stealth
  4727 | D:5      | Learned a level 3 spell: Summon Guardian Golem
  4761 | D:5      | Found a hazy altar of Hepliaklqana.
  4810 | D:5      | Found a staircase to the Ecumenical Temple.
  4818 | D:5      | Found a hide-covered altar of Uskayaw.
  5075 | D:5      | Reached skill level 5 in Short Blades
  5155 | Temple   | Entered the Ecumenical Temple
  5280 | Temple   | Became a worshipper of Dithmenos the Shadowed
  5664 | D:6      | Reached skill level 10 in Stealth
  5664 | D:6      | Reached XP level 8. HP: 42/52 MP: 8/8
  5944 | D:6      | Found a glowing silver altar of Zin.
  6227 | D:6      | Found a glowing drain.
  6244 | Sewer    | Entered a sewer
  6295 | Sewer    | Noticed Likado's ghost (amateur VSTm)
  6304 | Sewer    | Killed Likado's ghost
  6304 | Sewer    | Reached skill level 11 in Stealth
  6304 | Sewer    | Reached skill level 1 in Shields
  6304 | Sewer    | Reached skill level 1 in Summonings
  6332 | Sewer    | Noticed Purgy
  6483 | Sewer    | Killed Purgy
  6677 | D:6      | Found Tocviymo's Gadget Boutique.
  6769 | D:6      | Found a glowing golden altar of the Shining One.
  7050 | D:7      | Reached XP level 9. HP: 52/58 MP: 9/9
  7609 | D:7      | Found a blossoming altar of Fedhas.
  7622 | D:7      | Found an iron altar of Okawaru.
  7973 | D:7      | Reached * piety under Dithmenos
  8346 | D:7      | Reached skill level 12 in Stealth
  8488 | D:7      | Reached skill level 5 in Dodging
  8637 | D:7      | Found an ancient bone altar of Kikubaaqudgha.
  8708 | D:7      | Reached XP level 10. HP: 23/65 MP: 10/10
  9171 | D:7      | Reached skill level 5 in Fighting
  9399 | D:8      | Slain by a worker ant

Vault maps used:
D:1:      dpeg_arrival_long_road
D:2:      old_standard_altar, makhleb_blood_cavern_becter
D:3:      nicolae_gozag_seed_capital, uniq_robin
D:4:      serial_shops, shop
D:5:      old_standard_altar, eat_drink_and_be_merry_uskayaw,
          minmay_temple_entry_grid, first_bread
D:6:      overflow_temple_1_default, tso_altar, cheibrodos_sewer_entry_bend,
          serial_shops, kennysheep_mini_moat
D:7:      lemuel_zombie_altar_kikubaaqudgha, okawaru_gym_becter,
          old_standard_altar, grunt_livestock, columned_hall_lemuel
D:8:      basic_altar
Temple:   nicolae_temple_god_jail
Sewer:    sewer_the_crocodile

Skill      XL: |  1  2  3  4  5  6  7  8  9 10 |
---------------+-------------------------------+-----
Stealth        | 6 7 8 10 11 12 | 12.7
Short Blades   | 3 4 5 6 7 |  7.1
Dodging        | 2 3 5 |  5.5
Fighting       | 3 4 5 |  5.0
Shields        | 1 4 |  4.8
Summonings     | 1 |  1.2
Throwing       | |  2.1
Spellcasting   | |  0.8
Hexes          | |  0.6

Action                   |  1- 3 |  4- 6 |  7- 9 | 10-12 || total
-------------------------+-------+-------+-------+-------++-------
Melee: Dagger            |    57 |    95 |   233 |    48 ||   433
       Constrict         |    12 |    22 |    32 |     2 ||    68
       Tentacles         |     7 |    16 |    46 |     8 ||    77
  Use: Scroll            |       |     5 |     1 |       ||     6
       Potion            |       |     3 |     2 |       ||     5
 Stab: Sleeping          |     8 |     6 |    21 |     1 ||    36
       Distracted        |     1 |       |     1 |       ||     2
  Eat: Chunk             |     2 |     7 |     5 |     3 ||    17
       Meat ration       |       |       |     2 |       ||     2
Armor: Skin              |     4 |     3 |    20 |       ||    27
Dodge: Dodged            |    30 |    57 |    68 |    16 ||   171
Block: Large shield      |       |       |   114 |    47 ||   161
